 Dungeon Crawl Stone Soup version 0.31-a0-986-g5e6e4ef867 (webtiles) character file.

Game seed: 12789056026298294877

3 wildpjah the Covered (level 1, -1/14 HPs)
             Began as a Tengu Fighter on Nov 22, 2023.
             Succumbed to a goblin's poison
             ... on level 1 of the Dungeon.
             The game lasted 00:00:05 (18 turns).

wildpjah the Covered (Tengu Fighter)                  Turns: 18, Time: 00:00:05

Health: -1/14      AC:  6    Str: 16    XL:     1   Next: 50%
Magic:  2/2        EV: 23    Int:  8    God:
Gold:   14         SH:  4    Dex: 13    Spells: 0/0 levels left

rFire   . . .        a - +0 long sword
rCold   . . .        c - +0 buckler
rNeg    . . .        b - +0 scale mail
rPois   .            (helmet restricted)
rElec   .            (no cloak)
rCorr   .            (no gloves)
SInv    .            (boots unavailable)
Will    .....        (no amulet) Stlth
                     (no ring)
HPRegen 0.22/turn    (no ring)
MPRegen 0.08/turn

%: acrobat
@: lethally poisoned (-1 -> -18), acrobatic
A: beak, talons 3, acrobatic
a: no special abilities


You were on level 1 of the Dungeon.
You visited 1 branch of the dungeon, and saw 1 of its levels.

You collected 14 gold pieces.

Inventory:

Hand Weapons
 a - a +0 long sword (weapon)
Armour
 b - a +0 scale mail (worn)
 c - a +0 buckler (worn)
Potions
 d - a potion of might


   Skills:
 + Level 3.1 Fighting
 + Level 2.2 Long Blades
 + Level 3.3 Armour
 + Level 3.0 Shields


You couldn't memorise any spells.
You didn't know any spells.
Your spell library was empty.

Dungeon Overview and Level Annotations

Branches:
Dungeon (1/15)

Altars:


Innate Abilities, Weirdness & Mutations

You have a beak for a mouth.
You have claws for feet.
You can magically evade attacks while moving or waiting.


Message History

Press ? for a list of commands and other information.
Found a staircase leading out of the dungeon.
Found a stone staircase leading down.
You now have 14 gold pieces.
A goblin comes into view. It is wielding a +0 dagger of venom.
The goblin shouts!
You hear a shout!
You hear an angry hiss.
A goblin is nearby!
A kobold comes into view. It is wielding a +0 club.
Found a flail.
The kobold shouts!
A ball python comes into view.
The kobold throws a stone.
The stone hits you but does no damage. The kobold completely misses you.
You barely miss the kobold. The kobold hits you with a +0 club.
The goblin barely misses you.
The ball python bites you but does no damage.
You block the ball python's attack.
You closely miss the kobold.
The ball python bites you but does no damage.
The ball python grabs you. The ball python constricts you.
The kobold hits you but does no damage. The goblin hits you but does no damage.
You are poisoned.
You closely miss the ball python. You claw the ball python.
You kill the ball python!
You feel sick. The goblin hits you but does no damage.
You are more poisoned.
The kobold barely misses you.
You hit the kobold.
You kill the kobold!
You feel very sick. The goblin hits you but does no damage.
You are lethally poisoned!
The goblin hits you but does no damage.
You are more poisoned.
You barely miss the goblin. You claw the goblin.
You kill the goblin!
* * * LOW HITPOINT WARNING * * *
You feel very sick.
Found a scroll labelled XUEROABOSO and a scroll labelled ZORPHU REGRAF.
You die...

.... ... ?.. ##.####
#.....#
##########.....####
........##).......#
..........@......#
##########8..##........#
...............?.....)..
####...##8.............
#.....##.............
##.<.###.#..........?
#.....##...##+#.....#
##...##8.#.# ......
...........# #####


There were no monsters in sight!

Vanquished Creatures
  A ball python (D:1)
  A goblin (D:1)
  A kobold (D:1)
3 creatures vanquished.

Notes
Turn   | Place    | Note
-------+----------+-------------------------------------------
     0 | D:1      | wildpjah the Tengu Fighter began the quest for the Orb.
     0 | D:1      | Reached XP level 1. HP: 14/14 MP: 2/2
    18 | D:1      | Succumbed to a goblin's poison

Illustrated notes

Levels and vault maps discovered:
D:1:      psy_arrival_basics, layout_basic, serial_shops,
          nicolae_shop_hallway_stairs

Action                     || total
---------------------------++-------
  Melee: Long sword        ||     5
         Kick              ||     2
 Armour: Scale mail        ||     9
  Dodge: Dodged            ||     3
  Block: Buckler           ||     1

Table legend: (Time is in decaauts)
 A = Elapsed time spent in this place.
 B = Non-inter-level travel time spent in this place.
 C = Inter-level travel time spent in this place.
 D = Time resting spent in this place.
 E = Time spent auto-exploring this place.
 F = Levels seen in this place.
 G = Mean time per level.
                   A        B        C        D        E       F      G
               +--------+--------+--------+--------+--------+-----+--------+
         Total |     19 |     19 |      0 |      0 |      8 |   1 |   19.0 |
       Dungeon |     19 |     19 |      0 |      0 |      8 |   1 |   19.0 |
               +--------+--------+--------+--------+--------+-----+--------+

Top non-repeatable levels by time:
     D:1: 19 daAuts
